 Dungeon Crawl Stone Soup version 0.18-a0-1323-g706dcef (webtiles) character file.

15390 M4edhros the Covert (level 12, 0/68 HPs)
             Began as an Octopode Artificer on Feb 15, 2016.
             Was a High Priest of Fedhas.
             Slain by an unseen horror (5 damage)
             ... on level 12 of the Dungeon on Feb 16, 2016.
             The game lasted 00:29:31 (14961 turns).

M4edhros the Covert (Octopode Artificer)           Turns: 14961, Time: 00:29:31

Health: 0/68       AC:  6    Str: 12    XL:     12   Next: 26%
Magic:  23/23      EV: 17    Int: 18    God:    Fedhas [*****.]
Gold:   791        SH:  0    Dex: 17    Spells: 0 memorised, 11 levels left

rFire  . . .     SeeInvis .     F - +2 flail (protect)
rCold  . . .     Gourm    .     (no shield)
rNeg   . . .     Faith    .     (helmet restricted)
rPois  +         Spirit   .     e - amulet of rage
rElec  .         Dismiss  .     i - +5 ring of dexterity
rCorr  +         Reflect  .     q - ring of resist corrosion
SustAt +         Harm     .     x - ring of sustain attributes
MR     .....                    y - ring of flight
Stlth  +++++++...               G - ring "Fyqaapu" {rPois Slay+3}
                                (no ring)
                                (no ring)
                                (no ring)

@: about to teleport, not resistant to hostile enchantments, extremely stealthy
A: almost no armour, amphibious, 8 rings, constrict 8, tentacle spike 1,
camouflage 1, high mp 1, gelatinous body 1
a: Evolution, Sunlight, Growth, Reproduction, Rain, Renounce Religion, Evoke
Berserk Rage, Evoke Flight


You were on level 12 of the Dungeon.
You worshipped Fedhas.
Fedhas was extremely pleased with you.
You were near starving.

You visited 2 branches of the dungeon, and saw 13 of its levels.

You collected 866 gold pieces.
You spent 75 gold pieces at shops.

Inventory:

Hand Weapons
 o - a +3 quarterstaff of chaos
 F - a +2 flail of protection (weapon)
 M - a +0 hunting sling of flaming
Missiles
 j - 5 curare-tipped needles
 u - 51 sling bullets
 v - 15 javelins (quivered)
Rods
 g - a +2 rod of clouds (6/13)
   (You found it on level 6 of the Dungeon)
Jewellery
 e - an amulet of rage (around mantle)
 i - a +5 ring of dexterity (left tentacle)
 q - a ring of resist corrosion (right tentacle)
 x - a ring of sustain attributes (on tentacle)
 y - a ring of flight (on tentacle)
 G - the ring "Fyqaapu" (on tentacle) {rPois Slay+3}
   (You found it on level 8 of the Dungeon)

   [ring of poison resistance]

   It affects your accuracy and damage with ranged weapons and melee attacks
   (+3).
   It protects you from poison.
Wands
 b - a wand of flame (1/48)
 c - a wand of enslavement (14/24)
 d - a wand of random effects (8/48)
 n - a wand of iceblast (4/15)
 z - a wand of polymorph (9/24)
 H - a wand of paralysis (16/24)
 I - a wand of iceblast (9/15)
Scrolls
 h - 4 scrolls of enchant weapon
 k - 4 scrolls of teleportation
 l - 7 scrolls of remove curse
 p - a scroll of identify
 r - 4 scrolls of magic mapping
 w - 2 scrolls of recharging
 A - a scroll of blinking
 D - a scroll of amnesia
Potions
 m - a potion of magic {unknown}
 s - a potion of curing
 C - a potion of haste
 E - a potion of cure mutation
 O - a potion of might
 P - 2 potions of brilliance
 Q - a potion of resistance
Books
 B - a book of Callings

   Spells                             Type                      Level
   a - Summon Small Mammal            Summoning                    1
   b - Call Imp                       Summoning                    2
   c - Call Canine Familiar           Summoning                    3
   d - Summon Guardian Golem          Hexes/Summoning              3
   e - Summon Lightning Spire         Summoning/Air                4
   f - Summon Ice Beast               Ice/Summoning                4
 L - a book of Conjurations

   Spells                             Type                      Level
   a - Magic Dart                     Conjuration                  1
   b - Searing Ray                    Conjuration                  2
   c - Dazzling Spray                 Conjuration/Hexes            3
   d - Fulminant Prism                Conjuration/Hexes            4
   e - Iskenderun's Mystic Blast      Conjuration                  4
   f - Iskenderun's Battlesphere      Conjuration/Charms           5
Comestibles
 f - 4 bread rations
 t - 9 beef jerkies
 J - 6 fruits
 K - 10 royal jellies


   Skills:
 - Level 1.0 Fighting
   Level 1.0 Short Blades
 + Level 2.8 Slings
 + Level 6.8 Dodging
 - Level 13.7 Stealth
 - Level 10.5 Invocations
 - Level 13.0 Evocations


You had 11 spell levels left.
You didn't know any spells.

Dungeon Overview and Level Annotations

Branches:
Dungeon (12/15)            Temple (1/1) D:7            Lair (0/8) D:8
    Orc (0/2) D:11

Altars:
Ashenzari
Cheibriados
Dithmenos
Elyvilon
Fedhas
Gozag
Kikubaaqudgha
Makhleb
Nemelex Xobeh
Okawaru
Pakellas
Qazlal
Ru
Sif Muna
Trog
Vehumet
Xom
Yredelemnul
Zin
The Shining One

Shops:
D:11 ?   D:12 (


Innate Abilities, Weirdness & Mutations

You cannot wear most types of armour.
You are amphibious.
You can wear up to eight rings at the same time.
You can use your tentacles to constrict eight enemies at once.
Your skin changes colour to match your surroundings (Stealth).
Your rubbery body absorbs attacks (AC +1).
One of your tentacles bears a spike.
You have an increased reservoir of magic (+10% MP).


Message History

Something barely misses you. Something hits you.
Deactivating autopickup; reactivate with Ctrl-A.
You thump something! You squeeze something. Something hits you!
Something hits you.
* * * LOW HITPOINT WARNING * * *
Something barely misses you. Something hits you!
* * * LOW HITPOINT WARNING * * *
Eat which item? (? for menu, Esc to quit)
Okay, then.
Drink which item? (? for menu, Esc to quit)
You feel better. Something hits you.
* * * LOW HITPOINT WARNING * * *
Read which item? (? for menu, Esc to quit)
As you read the scroll of teleportation, it crumbles to dust.
You feel strangely unstable. Something hits you!
* * * LOW HITPOINT WARNING * * *
Something hits you.
You die...
Fedhas appreciates your contribution to the ecosystem.

.........########....# #..
.#####...............# #..
.#...####.f..........########...
.#......#.....................##
.#......#..ff.......(.........#
.#......#...f................
.####...#....................
....###'#....................
................@............
.............####)#..........
....f.......>#...)#.(........
.............#)...#.....####
...#####.....#...(+.....+ ...#
#.....#....#.....# ...#
#.....#....#.....# ..f#
#.....#)f..#.....#
..f#####.....)#####...


You could see 4 friendly wandering mushrooms.

Vanquished Creatures
  A hydra (D:11)
  A deep troll earth mage (D:12)
  Urug (D:10)
  2 hill giants
  An ugly thing (D:11)
  2 centaur skeletons
  A troll (D:10)
  2 two-headed ogres
  A wyvern (D:12)
  A vampire (D:11)
  6 yaks
  4 wraiths (D:10)
  A hippogriff (D:7)
  2 hungry ghosts (D:8)
  The ghost of totalnoob the Tainter, an amateur NaVM (D:4)
  A soldier ant (D:7)
  A water moccasin (D:7)
  2 eyes of draining
  An orc warrior (D:8)
  A black bear (D:7)
  3 ice beasts
  A swamp drake (D:5)
  3 phantoms
  A wasp (D:9)
  8 centaurs
  8 ogres
  A crocodile (D:8)
  A big kobold (D:11)
  2 giant frogs
  A gnoll sergeant (D:4)
  2 scorpions
  7 wights
  An electric eel (D:12)
  5 crimson imps
  A giant frog zombie (D:12)
  A centaur zombie (D:8)
  3 gnoll shamans (D:4)
  6 orc priests
  2 quasits
  Crazy Yiuf (D:4)
  3 jellies
  5 giant frog skeletons
  2 hounds
  6 iguanas
  14 worker ants
  13 orc wizards
  2 hound zombies (D:6)
  20 gnolls
  8 adders
  A river rat (D:8)
  4 shadow imps
  2 oozes
  An adder zombie (D:7)
  2 adder skeletons (D:9)
  4 worms
  3 giant geckos
  44 orcs
  20 bats
  3 giant cockroaches
  6 goblins
  6 hobgoblins
  21 jackals
  11 kobolds
  7 quokkas
  A giant cockroach zombie (D:6)
  5 giant newts
  A quokka skeleton (D:6)
  14 rats
320 creatures vanquished.

Vanquished Creatures (collateral kills)
  Josephine (D:10)
  A hill giant (D:10)
  An ugly thing (D:11)
  2 two-headed ogres
  A water elemental (D:12)
  A shadow (D:11)
  A yak (D:12)
  A wyvern (D:11)
  A hippogriff (D:10)
  A hungry ghost (D:8)
  A soldier ant (D:9)
  A water moccasin (D:9)
  A sky beast (D:8)
  2 orc warriors
  2 black bears
  2 wasps (D:9)
  2 ogres (D:8)
  3 centaurs
  2 crocodiles (D:8)
  A scorpion (D:11)
  5 wights
  A crimson imp (D:9)
  2 centaur skeletons
  2 gnoll shamans (D:4)
  2 orc wizards (D:9)
  10 gnolls (D:4)
  An adder (D:7)
  A shadow imp (D:9)
  6 orcs
  2 bats (D:8)
  A jackal (D:4)
  A giant spore (D:12)
62 creatures vanquished.

Vanquished Creatures (others)
  A necrophage (D:8)
  2 worker ant zombies
  9 wandering mushrooms
  12 fungi (D:8)
  4 plants (D:8)
  257 toadstools
285 creatures vanquished.

Grand Total: 667 creatures vanquished

Notes
Turn   | Place    | Note
--------------------------------------------------------------
     0 | D:1      | M4edhros the Octopode Artificer began the quest for the Orb.
     0 | D:1      | Reached XP level 1. HP: 13/13 MP: 3/3
    55 | D:1      | Reached XP level 2. HP: 15/18 MP: 4/4
   464 | D:4      | Reached skill level 5 in Stealth
   464 | D:4      | Reached XP level 3. HP: 8/23 MP: 5/5
   831 | D:4      | Reached XP level 4. HP: 15/28 MP: 6/6
  1067 | D:4      | Noticed Crazy Yiuf
  1076 | D:4      | Killed Crazy Yiuf
  1076 | D:4      | Reached skill level 6 in Stealth
  1510 | D:4      | Reached XP level 5. HP: 33/33 MP: 7/7
  1600 | D:4      | Reached skill level 7 in Stealth
  1632 | D:4      | Noticed totalnoob's ghost (amateur NaVM)
  1649 | D:4      | Killed totalnoob's ghost
  1649 | D:4      | Reached skill level 9 in Stealth
  1649 | D:4      | Reached XP level 6. HP: 14/38 MP: 8/8
  2122 | D:5      | Entered Level 5 of the Dungeon
  2196 | D:5      | Reached skill level 10 in Stealth
  2196 | D:5      | Reached XP level 7. HP: 38/43 MP: 9/9
  2637 | D:5      | Reached skill level 11 in Stealth
  2984 | D:5      | Reached skill level 12 in Stealth
  2984 | D:5      | Reached XP level 8. HP: 23/48 MP: 10/10
  3233 | D:5      | Reached skill level 13 in Stealth
  3570 | D:6      | Found an ancient bone altar of Kikubaaqudgha.
  3586 | D:6      | Identified a +0 rod of clouds (11/11) (You found it on level 6 of the Dungeon)
  3635 | D:6      | Found a bloodstained altar of Trog.
  3758 | D:6      | Reached skill level 5 in Evocations
  4414 | D:7      | Reached XP level 9. HP: 35/53 MP: 13/13
  5003 | D:7      | Found a shimmering altar of Xom.
  5008 | D:7      | Found a staircase to the Ecumenical Temple.
  5017 | Temple   | Entered the Ecumenical Temple
  5048 | Temple   | Became a worshipper of Fedhas Madash
  5258 | D:3      | Found a white marble altar of Elyvilon.
  5417 | D:3      | Found a sparkling altar of Nemelex Xobeh.
  5630 | D:3      | Found a snail-covered altar of Cheibriados.
  5708 | D:3      | Found a glowing silver altar of Zin.
  5724 | D:3      | Found a burning altar of Makhleb.
  6014 | D:1      | Gained mutation: You have a pair of small antennae on your head. [potion of mutation]
  6014 | D:1      | Gained mutation: You are agile. (Dex +2) [potion of mutation]
  6014 | D:1      | Gained mutation: One of your tentacles bears a spike. [potion of mutation]
  6603 | D:2      | Gained mutation: You are partially covered in yellow scales (AC +2). [potion of mutation]
  6603 | D:2      | Gained mutation: You have an increased reservoir of magic (+10% MP). [potion of mutation]
  6603 | D:2      | Gained mutation: You are weak. (Str -2) [potion of mutation]
  6779 | D:4      | Reached * piety under Fedhas
  6921 | D:4      | Reached ** piety under Fedhas
  8470 | D:8      | Reached skill level 10 in Evocations
  8482 | D:8      | Got a sparkling amber ring
  8483 | D:8      | Identified the ring "Fyqaapu" {rPois Slay+3} (You found it on level 8 of the Dungeon)
  8556 | D:8      | Reached XP level 10. HP: 50/58 MP: 19/19
  8585 | D:8      | Found a sparkling altar of Nemelex Xobeh.
  8889 | D:8      | Reached *** piety under Fedhas
  9259 | D:8      | Found a staircase to the Lair.
  9407 | D:9      | Reached **** piety under Fedhas
  9883 | D:9      | Lost mutation: You are weak. (Str -2) [potion of cure mutation]
  9883 | D:9      | Lost mutation: You are partially covered in yellow scales (AC +2). [potion of cure mutation]
  9883 | D:9      | Lost mutation: You are agile. (Dex +2) [potion of cure mutation]
  9883 | D:9      | Lost mutation: You have a pair of small antennae on your head. [potion of cure mutation]
 10511 | D:10     | Entered Level 10 of the Dungeon
 11402 | D:10     | Noticed Urug
 11540 | D:10     | Noticed a hill giant
 11547 | D:10     | Noticed Josephine
 11548 | D:10     | Killed a hill giant
 11548 | D:10     | Reached skill level 5 in Invocations
 11548 | D:10     | Reached XP level 11. HP: 40/63 MP: 22/22
 11554 | D:10     | Killed Josephine
 11604 | D:10     | Killed Urug
 12486 | D:11     | Noticed a four-headed hydra
 12489 | D:11     | Killed a four-headed hydra
 12496 | D:11     | Found Cig Evah's Magic Scroll Emporium.
 12638 | D:11     | Found a staircase to the Orcish Mines.
 13001 | D:11     | Reached skill level 10 in Invocations
 13003 | D:11     | HP: 3/63 [centaur/arrow (12)]
 13181 | D:11     | Noticed a white ugly thing
 13188 | D:11     | Killed a white ugly thing
 13779 | D:11     | Noticed a hill giant
 13784 | D:11     | Killed a hill giant
 13857 | D:11     | Noticed a brown ugly thing
 13869 | D:11     | Killed a brown ugly thing
 13971 | D:12     | Reached ***** piety under Fedhas
 14047 | D:12     | Reached skill level 5 in Dodging
 14047 | D:12     | Reached XP level 12. HP: 24/68 MP: 23/23
 14480 | D:12     | Found Ipsikh's Weapon Shoppe.
 14595 | D:12     | Bought a +0 hunting sling of flaming for 75 gold pieces
 14629 | D:12     | Reached skill level 1 in Slings
 14672 | D:12     | Noticed a deep troll earth mage
 14766 | D:12     | Killed a deep troll earth mage
 14961 | D:12     | Slain by an unseen horror

Vault maps used:
D:1:      lightli_arrival_statuegarden
D:3:      lemuel_coloured_pillars_altar, nicolae_overflow_quartered_altars
D:4:      lemuel_castle_with_subvaults, first_bread, uniq_crazy_yiuf_cottage
D:6:      lemuel_crystal_altar, bloody_trog
D:7:      nicolae_overflow_hidden_temple, temple_fountains
D:8:      grunt_lair_entry_orc_guard_hut, nemelex_deck
D:9:      hangedman_pestilent_swarm
D:10:     uniq_josephine, uniq_urug
D:11:     orc_0_dummy, serial_shops, shop
D:12:     serial_shops, shop_statue, minmay_item_behind_shaft,
          kennysheep_island_fort
Temple:   circular_temple_13

Action                   |  1- 3 |  4- 6 |  7- 9 | 10-12 || total
-------------------------+-------+-------+-------+-------++-------
Melee: Short sword       |    44 |     6 |     4 |       ||    54
       Quarterstaff      |       |    27 |   279 |   162 ||   468
       Flail             |       |       |       |   156 ||   156
 Fire: Hunting sling     |       |       |       |    28 ||    28
Throw: Javelin           |       |       |       |    10 ||    10
Invok: Evolution         |       |       |     3 |    10 ||    13
       Sunlight          |       |       |       |     2 ||     2
       Reproduction      |       |       |       |     1 ||     1
Evoke: Wand              |     2 |     5 |    14 |    14 ||    35
       Rod               |       |       |       |    20 ||    20
  Use: Potion            |       |     2 |     5 |    12 ||    19
       Scroll            |       |       |    12 |     5 ||    17
 Stab: Sleeping          |    11 |     3 |    44 |    28 ||    86
       Distracted        |       |       |     4 |     1 ||     5
       Petrified         |       |       |     1 |     1 ||     2
       Paralysed         |       |       |     1 |    15 ||    16
       Confused          |       |       |       |     2 ||     2
  Eat: Chunk             |       |     3 |     9 |       ||    12
       Meat ration       |       |       |     3 |     3 ||     6
       Beef jerky        |       |       |       |     2 ||     2
       Bread ration      |       |       |       |     2 ||     2
       Royal jelly       |       |       |       |     1 ||     1
